 Dungeon Crawl Stone Soup version 0.31.0-4-g52a2dc7128 (webtiles) character file.

Game seed: 16597480556457571593

51 Esekla the Grasshopper (level 3, 0/20 HPs)
             Began as a Deep Elf Warper on Jan 22, 2024.
             Slain by a hound zombie (2 damage)
             ... in an ossuary.
             The game lasted 00:10:18 (1257 turns).

Esekla the Grasshopper (Deep Elf Warper)            Turns: 1257, Time: 00:10:18

Health: 0/20       AC:  4    Str:  8    XL:     3   Next: 58%
Magic:  6/9        EV: 12    Int: 19    God:
Gold:   118        SH:  0    Dex: 14    Spells: 6/8 levels left

rFire   . . .        a - +0 long sword
rCold   . . .        (no shield)
rNeg    . . .        b - +0 leather armour
rPois   .            (no helmet)
rElec   .            (no cloak)
rCorr   .            f - +0 pair of gloves
SInv    .            (no boots)
Will    .....        (no amulet)
Stlth   +            (no ring)
HPRegen 0.23/turn    (no ring)
MPRegen 0.11/turn

%: no passive effects
@: on blink cooldown
A: no striking features
a: no special abilities


You were in an ossuary.
You visited 1 branch of the dungeon, and saw 5 of its levels.
You also visited: Ossuary.

You collected 118 gold pieces.

Inventory:

Hand Weapons
 a - a +0 long sword (weapon)
 s - a +0 dagger
Missiles
 d - 4 darts of dispersal (quivered)
Armour
 b - a +0 leather armour (worn)
 f - a +0 pair of gloves (worn)
Scrolls
 c - a scroll of blinking
 j - a scroll of identify {unknown}
Potions
 e - 4 potions of curing {unknown}
 g - a potion of mutation {unknown}
 h - a potion of ambrosia {unknown}


   Skills:
 - Level 1.5 Fighting
 + Level 2.2 Long Blades
 + Level 1.1 Throwing
 + Level 0.9 Armour
 * Level 3.3 Dodging
 * Level 1.1 Stealth
 * Level 3.3 Spellcasting
 + Level 3.7 Translocations


You had 6 spell levels left.
You knew the following spells:

 Your Spells              Type           Power      Damage    Failure   Level
b - Blink                 Tloc           34%        N/A       7%          2

Your spell library contained the following spells:

 Spells                   Type           Power      Damage    Failure   Level
 Lesser Beckoning         Tloc           34%        N/A       7%          2
 Teleport Other           Tloc           17%        N/A       13%         3
 Summon Small Mammal      Summ           12%        N/A       22%         1
 Manifold Assault         Tloc           17%        N/A       41%         4
 Call Canine Familiar     Summ           3%         N/A       54%         3
 Vhi's Electric Charge    Tloc/Air       20%        N/A       67%         4
 Summon Blazeheart Golem  Fire/Summ      3%         N/A       91%         4


Dungeon Overview and Level Annotations

Branches:
Dungeon (5/15)            Ossuary (1/1)
 Temple: D:4-7

Altars:
Trog


Message History

The hound zombie bites you. The hound zombie barely misses you.
You barely miss the hound zombie.
The hound zombie is lightly damaged.
The hound zombie bites you but does no damage.
The hound zombie bites you.
* * * LOW HITPOINT WARNING * * *
You hit the hound zombie but do no damage.
The hound zombie is lightly damaged.
The hound zombie closely misses you.
You hit the hound zombie.
The hound zombie is moderately damaged.
The hound zombie completely misses you.
The hound zombie bites you but does no damage.
Casting: Blink (safe; 7% risk of failure)
Confirm with . or Enter, or press ? or * to list all spells.
You blink.
You feel ready to blink again.
You barely miss the hound zombie.
The hound zombie is moderately damaged.
The hound zombie bites you.
You hit the hound zombie.
The hound zombie is heavily damaged.
The hound zombie bites you.
* * * LOW HITPOINT WARNING * * *
The hound zombie barely misses you.
You barely miss the hound zombie.
The hound zombie is heavily damaged.
The hound zombie barely misses you. The hound zombie bites you.
* * * LOW HITPOINT WARNING * * *
Casting: Blink (safe; 7% risk of failure)
Confirm with . or Enter, or press ? or * to list all spells.
You blink.
You hit the hound zombie.
The hound zombie is severely damaged.
The hound zombie barely misses you.
You hit the hound zombie.
The hound zombie is severely damaged.
The hound zombie bites you but does no damage.
The hound zombie bites you.
You die...

########################
#.............^.........
#..............Z@.......
#..####..####...####..##
#..# #..# #...#
#..#++#..# #...#
#..#..#..#. #...#
#.......... .....
#.................
#..####.....#####.. #..#
...8.. ..8. ..#


You could see a hound zombie.

Vanquished Creatures
  A hound zombie (Ossuary)
  An adder (D:5)
  A ribbon worm (D:2)
  A giant cockroach (D:1)
  2 gnoll zombies (Ossuary)
  3 goblins
  A hobgoblin (D:2)
  4 kobolds
  3 quokkas
  A ball python (D:1)
  3 bats
  A frilled lizard (D:1)
  An orc zombie (Ossuary)
  2 rats (D:1)
25 creatures vanquished.

Notes
Turn   | Place    | Note
-------+----------+-------------------------------------------
     0 | D:1      | Esekla the Deep Elf Warper began the quest for the Orb.
     0 | D:1      | Reached XP level 1. HP: 12/12 MP: 6/6
   335 | D:1      | Reached XP level 2. HP: 16/16 MP: 8/8
   338 | D:1      | Learned a level 2 spell: Blink
   785 | D:3      | Found a bloodstained altar of Trog.
   955 | D:5      | Entered Level 5 of the Dungeon
   984 | D:5      | Reached XP level 3. HP: 18/20 MP: 9/9
  1002 | D:5      | Found a sand-covered staircase.
  1007 | Ossuary  | Entered an ossuary
  1007 | Ossuary  | Noticed a weeping skull
  1007 | Ossuary  | Noticed a weeping skull
  1007 | Ossuary  | Noticed a weeping skull
  1132 | Ossuary  | Reached skill level 1 in Stealth
  1253 | Ossuary  | HP: 1/20 [hound zombie (4)]
  1257 | Ossuary  | Slain by a hound zombie

Illustrated notes

Levels and vault maps discovered:
D:1:      dpeg_arrival_arbitrary_a, layout_loops_ring, serial_glass,
          glass_columns_b, glass_columns_c, glass_columns_a, glass_columns_a
D:2:      minmay_recursive_quarters, layout_basic, serial_shops,
          nicolae_shop_window_shopping, chequers_serial_rivers_micro_b
D:3:      layout_loops_corners, mainiacjoe_overflow_boulevard, trog_book,
          serial_shops, shop, shop
D:4:      layout_loops_ring, mainiacjoe_overflow_large_starburst,
          mainiacjoe_overflow_big_doors, minmay_temple_entry_overgrown
D:5:      layout_basic, serial_bayou, serial_bayou_pond_d, serial_bayou_pond_e,
          serial_bayou_crossing, serial_bayou_pond_d, serial_bayou_pond_e,
          nicolae_ossuary_entry_plus
Ossuary:  ossuary_kennysheep_city_of_the_dead

Skill      XL: |  1  2  3 |
---------------+----------+-----
Long Blades    | 2 |  2.2
Dodging        | 3 |  3.3
Stealth        | 1 |  1.1
Fighting       | |  1.5
Throwing       | |  1.1
Armour         | |  0.9
Spellcasting   | |  3.3
Translocations | |  3.7

Action                     || total
---------------------------++-------
  Melee: Falchion          ||    60
         Dagger            ||     4
         Long sword        ||    39
  Throw: Dart              ||     3
   Cast: Blink             ||     2
    Use: Scroll            ||     1
   Stab: Sleeping          ||     3
 Armour: Leather armour    ||    79
  Dodge: Dodged            ||    58
